 Dungeon Crawl Stone Soup version 0.31-a0-507-gbafd7f5274 (webtiles) character file.

Game seed: 12915245199314640548

35406 experimilk the Grappler (level 13, -10/128 HPs)
             Began as a Troll Gladiator on Aug 10, 2023.
             Was a Priest of Nemelex Xobeh.
             Mangled by a nine-headed hydra (11 damage)
             ... on level 2 of the Lair of Beasts.
             The game lasted 00:29:13 (13860 turns).

experimilk the Grappler (Troll Gladiator)          Turns: 13860, Time: 00:29:14

Health: -10/128    AC:  8    Str: 35    XL:     13   Next: 47%
Magic:  18/19      EV: 11    Int:  4    God:    Nemelex Xobeh [***...]
Gold:   634        SH:  0    Dex: 11    Spells: 12/12 levels left

rFire   . .          .
                       - Unarmed
rCold   . . .        (no shield)
rNeg    . . .        t - +3 troll leather armour {Pargi}
rPois   .            b - +0 hat
rElec   .            (no cloak)
rCorr   .            (gloves unavailable)
SInv    .            (boots unavailable)
Will    .....        (no amulet)
Stlth   +            G - +4 ring of slaying
HPRegen 2.01/turn    l - +6 ring of strength
MPRegen 0.16/turn

%: no passive effects
@: no status effects
A: large, unfitting armour, claws 3, regeneration 1, shaggy fur 1, tough skin 1
a: Renounce Religion, Draw Escape, Draw Destruction, Draw Summoning, Triple Draw


You were on level 2 of the Lair of Beasts.
You worshipped Nemelex Xobeh.
Nemelex Xobeh was most pleased with you.
You visited 3 branches of the dungeon, and saw 13 of its levels.
You also visited: Sewer.

You collected 706 gold pieces.
You spent 72 gold pieces at shops.

Inventory:

Missiles
 c - 9 throwing nets
 d - a large rock
 p - 2 javelins
 q - 50 poisoned darts (quivered)
Armour
 b - a +0 hat (worn)
 t - a +3 troll leather armour (worn) {Pargi}
Jewellery
 l - a +6 ring of strength (right claw)
 G - a +4 ring of slaying (left claw)
Wands
 e - a wand of roots (6)
 y - a wand of light (10)
Scrolls
 a - a scroll of identify
 f - 4 scrolls of revelation
 h - a scroll of vulnerability {unknown}
 k - 8 scrolls of teleportation
 m - a scroll of summoning {unknown}
 r - a scroll of torment {unknown}
 s - a scroll of brand weapon {unknown}
 v - 2 scrolls of fog
 F - a scroll of poison
 J - a scroll of amnesia {unknown}
Potions
 j - 3 potions of attraction
 o - a potion of resistance
 x - a potion of curing
 z - a potion of enlightenment
 A - 3 potions of invisibility
 B - 3 potions of lignification
 D - a potion of ambrosia
 K - a potion of brilliance {unknown}
 L - a potion of might {unknown}
Miscellaneous
 H - a phial of floods


   Skills:
 + Level 8.3 Fighting
 - Level 10.9 Throwing
 - Level 3.8 Armour
 - Level 4.7 Dodging
 - Level 11.0 Unarmed Combat
 - Level 10.0 Invocations
 - Level 2.1 Evocations


You had 12 spell levels left.
You didn't know any spells.
Your spell library contained the following spells:

 Spells                   Type           Power      Damage    Failure   Level
 Apportation              Tloc           0%         N/A       52%         1
 Magic Dart               Conj           0%         1d3       52%         1
 Necrotise                Necr           0%         1d4       52%         1
 Summon Small Mammal      Summ           0%         N/A       52%         1
 Blink                    Tloc           0%         N/A       67%         2
 Call Imp                 Summ           0%         N/A       67%         2
 Ensorcelled Hibernation  Hex/Ice        0%         N/A       67%         2
 Passwall                 Tmut/Erth      0%         N/A       67%         2
 Call Canine Familiar     Summ           0%         N/A       88%         3
 Mephitic Cloud           Conj/Pois/Air  0%         N/A       88%         3
 Portal Projectile        Hex/Tloc       0%         N/A       88%         3
 Summon Guardian Golem    Hex/Summ       0%         N/A       88%         3
 Swiftness                Air            0%         N/A       88%         3
 Tukima's Dance           Hex            0%         N/A       88%         3
 Iskenderun's Mystic Bla  Conj/Tloc      0%         2d3       99%         4
 Leda's Liquefaction      Hex/Erth       0%         N/A       99%         4
 Manifold Assault         Tloc           0%         N/A       99%         4
 Summon Ice Beast         Ice/Summ       0%         N/A       99%         4
 Summon Mana Viper        Hex/Summ       0%         N/A       100%        5
 Monstrous Menagerie      Summ           0%         N/A       100%        7


Dungeon Overview and Level Annotations

Branches:
Dungeon (10/15)            Temple (1/1) D:7            Lair (2/5) D:8
  Sewer (visited)
  Swamp: Lair:2-3    Shoals: Lair:2-3     Snake: Lair:2-3    Spider: Lair:2-3
    Orc: D:9-12

Altars:
Ashenzari
Cheibriados
Dithmenos
Elyvilon
Fedhas
Gozag
Hepliaklqana
Kikubaaqudgha
Makhleb
Nemelex Xobeh
Okawaru
Qazlal
Ru
Sif Muna
Trog
Uskayaw
Vehumet
Wu Jian
Xom
Yredelemnul
Zin
The Shining One
Lugonu

Shops:
D:3 *(*[   D:6 :*[   D:10 :

Annotations:
D:10 2 transporters


Innate Abilities, Weirdness & Mutations

You are too large for most types of armour.
You have claws for hands.
Your natural rate of healing is unusually fast.
You are covered in fur. (AC +1)
You have tough skin. (AC +1)


Message History

The six-headed hydra grows two more!
You scratch the eight-headed hydra.
The eight-headed hydra is heavily wounded.
Your killer bee stings the eight-headed hydra!
The eight-headed hydra barely misses you.
The eight-headed hydra bites you. x2; The eight-headed hydra bites you!
The eight-headed hydra barely misses you.
The eight-headed hydra bites you! The eight-headed hydra misses you.
The eight-headed hydra bites you but does no damage.
You barely miss the eight-headed hydra.
The eight-headed hydra is heavily wounded.
Your killer bee barely misses the eight-headed hydra.
Your killer bee stings the eight-headed hydra.
The eight-headed hydra bites you!
* * * LOW HITPOINT WARNING * * *
The eight-headed hydra barely misses you.
The eight-headed hydra closely misses you.
The eight-headed hydra bites you!
* * * LOW HITPOINT WARNING * * *
The eight-headed hydra barely misses you.
The eight-headed hydra bites you but does no damage.
The eight-headed hydra bites you.
* * * LOW HITPOINT WARNING * * *
The eight-headed hydra bites you!
* * * LOW HITPOINT WARNING * * *
You barely miss the eight-headed hydra.
The eight-headed hydra is heavily wounded.
Your killer bee barely misses the eight-headed hydra.
The yak gores you!
* * * LOW HITPOINT WARNING * * *
Your killer bee stings the eight-headed hydra.
Unknown command.
You tear one of the eight-headed hydra's heads off!
The seven-headed hydra grows two more!
You mangle the nine-headed hydra!!
The nine-headed hydra is almost dead.
The nine-headed hydra bites you.
* * * LOW HITPOINT WARNING * * *
The nine-headed hydra bites you but does no damage. x3
The nine-headed hydra bites you!
You die...
Your body glows with a rainbow of weird colours and disappears.

#....#.###.......>.#
#..##.##..>...<..##
#....###......#..# #
#...###.#........### #.
#...†#.............###..
##...Y[..##P............
##..Y..#######........#
#..†.YY.P# ###.......#
##..yD@.## ##P...)...##
#.......P##P..........
#....#.....#.....(......
#....####.....#...(P(.P.#.
#....# ##......(..((...#.
..... #......(........
...## #.............^ ...
.#.####P.#.... # ##......


You could see a nine-headed hydra (ally target), 4 yaks and a friendly killer
bee (summoned).

Vanquished Creatures
  A hydra (Lair:2)
  A two-headed ogre (D:9)
  A skyshark (Lair:1)
  Pikel (D:5)
  An ugly thing (D:10)
  A black mamba (Lair:1)
  A cane toad (Lair:1)
  Maggie (D:9)
  A rime drake (Lair:1)
  2 komodo dragons (Lair:1)
  A kobold demonologist (D:10)
  A troll (D:9)
  Grinder (D:4)
  15 yaks
  A hog (Lair:2)
  A wraith (D:10)
  A wyvern (D:9)
  2 basilisks (Lair:1)
  3 steam dragons
  Grum (D:6)
  2 water moccasins (Lair:1)
  4 orc warriors
  3 sky beasts
  Pargi (Sewer)
  An ice beast (D:5)
  A black bear (D:6)
  2 ogres
  15 wolves
  6 centaurs
  A phantom (D:5)
  3 lemures (D:5)
  4 kobold brigands
  5 bullfrogs
  2 gnoll sergeants
  8 wights
  A howler monkey (D:4)
  6 hounds (D:6)
  3 jellies
  7 orc priests
  4 gnoll boudas
  4 iguanas
  A sleepcap (D:4)
  11 orc wizards
  Natasha (twice) (D:3)
  8 hell rats
  Robin (D:4)
  32 gnolls
  7 adders
  A river rat (D:6)
  2 shadow imps (D:6)
  2 white imps
  An ufetubus (D:7)
  4 worms
  4 dart slugs
  34 orcs
  9 ball pythons
  9 bats
  4 endoplasms
  5 giant cockroaches
  9 hobgoblins
  15 jackals
  23 kobolds
  6 quokkas
  3 frilled lizards
  17 goblins
  9 rats
340 creatures vanquished.

Vanquished Creatures (collateral kills)
  A hydra (Lair:2)
  Erica (Lair:2)
  A rime drake (Lair:2)
  A komodo dragon (Lair:2)
  An unseen horror (Lair:2)
  A basilisk (Lair:1)
  5 yaks (Lair:2)
  A water moccasin (Lair:2)
  2 wolves (Lair:1)
  3 hell rats (Lair:2)
17 creatures vanquished.

Vanquished Creatures (others)
  A rat (D:3)
1 creature vanquished.

Grand Total: 358 creatures vanquished

Notes
Turn   | Place    | Note
-------+----------+-------------------------------------------
     0 | D:1      | experimilk the Troll Gladiator began the quest for the Orb.
     0 | D:1      | Reached XP level 1. HP: 19/19 MP: 0/0
    70 | D:1      | Reached XP level 2. HP: 27/27 MP: 1/1
   209 | D:1      | Reached skill level 4 in Unarmed Combat
   280 | D:1      | Reached XP level 3. HP: 30/33 MP: 2/2
   851 | D:2      | Found a basalt altar of Yredelemnul.
  1017 | D:2      | Reached XP level 4. HP: 39/41 MP: 3/3
  1068 | D:2      | Reached skill level 5 in Unarmed Combat
  1879 | D:3      | Noticed Natasha
  1882 | D:3      | Killed Natasha
  1883 | D:3      | Reached XP level 5. HP: 33/48 MP: 4/4
  2020 | D:3      | Found Dawioth's General Store.
  2030 | D:3      | Bought a scroll of teleportation for 36 gold pieces
  2030 | D:3      | Bought a scroll of teleportation for 36 gold pieces
  2107 | D:3      | Found Qosiutour's Armour Boutique.
  2172 | D:3      | Reached skill level 6 in Unarmed Combat
  2328 | D:3      | Identified the +6 quarterstaff of the Conjuring Badger
                  | {freeze, rF+ rC+ Will+}
  2431 | D:3      | Found a glowing golden altar of the Shining One.
  2433 | D:3      | Noticed an angel
  2470 | D:3      | Found Keklolef's Weapon Shoppe.
  2611 | D:3      | Found a basalt altar of Yredelemnul.
  2660 | D:3      | Found Datiump's Assorted Antiques.
  2802 | D:3      | Noticed Natasha
  2809 | D:3      | Killed Natasha
  3086 | D:4      | Found an iron altar of Okawaru.
  3192 | D:4      | Reached XP level 6. HP: 47/55 MP: 5/5
  3215 | D:4      | Noticed Robin
  3238 | D:4      | Killed Robin
  3344 | D:4      | Reached skill level 7 in Unarmed Combat
  3371 | D:4      | Noticed Grinder
  3377 | D:4      | Paralysed by Grinder for 2 turns
  3382 | D:4      | Killed Grinder
  3383 | D:4      | Reached skill level 8 in Unarmed Combat
  3868 | D:4      | Reached XP level 7. HP: 62/62 MP: 6/6
  3907 | D:4      | Found a sparkling altar of Nemelex Xobeh.
  4135 | D:4      | Became a worshipper of Nemelex Xobeh the Trickster
  4194 | D:5      | Entered Level 5 of the Dungeon
  4620 | D:5      | Reached skill level 9 in Unarmed Combat
  4863 | D:5      | Noticed Pikel
  4869 | D:5      | Killed Pikel
  4870 | D:5      | Reached skill level 10 in Unarmed Combat
  4870 | D:5      | Reached XP level 8. HP: 64/70 MP: 7/7
  4981 | D:5      | Found a sacrificial altar of Ru.
  5236 | D:5      | Found a radiant altar of Vehumet.
  5236 | D:5      | Found a white marble altar of Elyvilon.
  5361 | D:6      | Reached skill level 5 in Throwing
  5418 | D:6      | Found a glowing drain.
  5422 | Sewer    | Entered a sewer
  5428 | Sewer    | Reached * piety under Nemelex Xobeh
  5518 | Sewer    | Noticed Pargi
  5526 | Sewer    | Killed Pargi
  5811 | D:6      | Reached XP level 9. HP: 52/76 MP: 8/8
  5815 | D:6      | Found Wiuloe's Book Emporium.
  5917 | D:6      | Found Isiqost's Armour Shop.
  5930 | D:6      | Found Gozag's Platinum Reserve.
  5930 | D:6      | Found an opulent altar of Gozag.
  5962 | D:6      | Received a gift from Nemelex Xobeh
  6008 | D:6      | Noticed Grum
  6016 | D:6      | Killed Grum
  7132 | D:7      | Found a shadowy altar of Dithmenos.
  7303 | D:7      | Found a hide-covered altar of Uskayaw.
  7383 | D:7      | Reached ** piety under Nemelex Xobeh
  7383 | D:7      | Received a gift from Nemelex Xobeh
  7446 | D:7      | Found a staircase to the Ecumenical Temple.
  7760 | D:7      | Found a blossoming altar of Fedhas.
  8010 | D:8      | Reached skill level 10 in Throwing
  8291 | D:8      | Reached skill level 1 in Invocations
  8446 | D:8      | Reached XP level 10. HP: 77/84 MP: 10/10
  8453 | D:8      | Received a gift from Nemelex Xobeh
  8799 | Temple   | Entered the Ecumenical Temple
  8993 | D:8      | Found a staircase to the Lair.
  9172 | D:9      | Noticed a two-headed ogre
  9188 | D:9      | Killed a two-headed ogre
  9437 | D:9      | Noticed Maggie
  9446 | D:9      | Killed Maggie
 10233 | D:9      | Reached *** piety under Nemelex Xobeh
 10604 | D:10     | Entered Level 10 of the Dungeon
 10688 | D:10     | Found Zulaushrupiu's Self-Improvement Boutique.
 10696 | D:10     | Received a gift from Nemelex Xobeh
 10741 | D:10     | Found a bloodstained altar of Trog.
 10744 | D:10     | Reached XP level 11. HP: 97/97 MP: 16/16
 10745 | D:10     | Reached skill level 11 in Unarmed Combat
 10745 | D:10     | Reached XP level 12. HP: 107/107 MP: 17/17
 10779 | D:10     | Identified the +0 robe "Zinal" {rN+}
 10836 | D:10     | Found a corrupted altar of Lugonu.
 10912 | D:10     | Found a shimmering altar of Xom.
 10974 | D:10     | Found a transporter.
 10975 | D:10     | Found a transporter.
 11421 | D:10     | Found a shimmering blue altar of Sif Muna.
 11559 | Lair:1   | Entered Level 1 of the Lair of Beasts
 11571 | Lair:1   | Reached XP level 13. HP: 114/114 MP: 19/19
 11673 | Lair:1   | Reached skill level 10 in Invocations
 11727 | Lair:1   | Reached skill level 5 in Fighting
 11750 | Lair:1   | Received a gift from Nemelex Xobeh
 12190 | Lair:1   | Reached **** piety under Nemelex Xobeh
 12220 | Lair:1   | Received a gift from Nemelex Xobeh
 13759 | Lair:2   | Noticed Erica
 13765 | Lair:2   | Killed Erica
 13859 | Lair:2   | HP: 5/128 [yak (9)]
 13860 | Lair:2   | HP: 1/128 [nine-headed hydra (5)]
 13860 | Lair:2   | Mangled by a nine-headed hydra

Illustrated notes

Levels and vault maps discovered:
D:1:      tarquinn_simple_flora_water_e, layout_basic
D:2:      layout_loops_corners, basic_altar
D:3:      layout_basic, grunt_temple_overflow_holy_war, serial_shops, shop,
          shop, nicolae_shop_tiny_real_fake_doors, nicolae_shop_rolling_square,
          serial_corexii_hall, chequers_hall_statues_wall_a,
          chequers_hall_statues_y, uniq_natasha
D:4:      layout_basic, lemuel_round_altar, okawaru_trees_2, uniq_grinder,
          uniq_robin
D:5:      layout_loops_cross, gammafunk_temple_overflow_wave,
          old_standard_altar, minmay_misc_feat_rows, uniq_pikel
D:6:      layout_cave_pools, nicolae_gozag_zags_fifth_avenue, serial_gnoll_camp,
          gnoll_camp_mini_house, gnoll_camp_medium_02,
          gnoll_camp_mini_loothouse, gnoll_camp_mini_shop, grums_kennel,
          serial_shops, shop, gup_sewer_entry_spiral
D:7:      layout_basic, grunt_dithmenos_smoke_and_mirrors,
          mainiacjoe_overflow_six_doors_small, general_overflow_altar,
          minmay_temple_entry_poolview
D:8:      layout_loops_ring, lair_entry_dummy
D:9:      layout_gridville, uniq_maggie
D:10:     gammafunk_corrupted_shrine, layout_rooms,
          lemuel_coloured_pillars_altar, nicolae_overflow_hidden_temple,
          mainiacjoe_overflow_catwalk, nicolae_shop_self_help
Temple:   hellmonk_temple_micro_hex
Lair:1:   layout_cave_pods, infiniplex_staircase_pool_2
Lair:2:   layout_cave_pods, grunt_megastairs_4, serial_bayou_shore_a,
          lemuel_fruit_tree, uniq_gastronok, uniq_erica

Skill      XL: |  1  2  3  4  5  6  7  8  9 10 11 12 13 |
---------------+----------------------------------------+-----
Unarmed Combat | 4 5 6 8 10 11 | 11.0
Throwing       | 4 6 10 | 10.9
Invocations    | 2 8 9 10 | 10.0
Fighting       | 3 4 8 |  8.3
Armour         | 2 3 |  3.8
Dodging        | 3 4 |  4.7
Evocations     | 2 |  2.1

Action                     |  1- 3 |  4- 6 |  7- 9 | 10-12 | 13-15 || total
---------------------------+-------+-------+-------+-------+-------++-------
  Melee: Unarmed           |    81 |   147 |   300 |   182 |   102 ||   812
         Punch             |     1 |     2 |    14 |    10 |    10 ||    37
  Throw: Dart              |       |     7 |     4 |    27 |    18 ||    56
         Boomerang         |       |     5 |       |       |       ||     5
         Throwing net      |       |     1 |     2 |     4 |       ||     7
         Javelin           |       |       |     3 |       |     4 ||     7
         Large rock        |       |       |     2 |     3 |     5 ||    10
 Invoke: Draw Destruction  |       |       |     2 |     7 |     3 ||    12
         Draw Escape       |       |       |       |     2 |       ||     2
         Draw Summoning    |       |       |       |     1 |     5 ||     6
         Triple Draw       |       |       |       |       |     3 ||     3
    Use: Scroll            |       |     6 |    10 |     3 |     6 ||    25
         Potion            |       |       |     3 |     3 |     1 ||     7
   Stab: Sleeping          |     3 |     5 |     6 |     1 |       ||    15
         Held in net/web   |       |     1 |     1 |     2 |       ||     4
         Petrifying        |       |       |       |       |     1 ||     1
 Armour: Robe              |    34 |    37 |    16 |       |       ||    87
         Troll leather arm |       |       |    67 |    60 |    71 ||   198
  Dodge: Dodged            |    48 |    69 |   149 |   106 |    97 ||   469

Table legend: (Time is in decaauts)
 A = Elapsed time spent in this place.
 B = Non-inter-level travel time spent in this place.
 C = Inter-level travel time spent in this place.
 D = Time resting spent in this place.
 E = Time spent auto-exploring this place.
 F = Levels seen in this place.
 G = Mean time per level.
                   A        B        C        D        E       F      G
               +--------+--------+--------+--------+--------+-----+--------+
         Total |  13716 |  12762 |    954 |   3679 |   6881 |  14 |  979.7 |
       Dungeon |  11237 |  10430 |    807 |   2686 |   5991 |  10 | 1123.7 |
        Temple |     24 |     24 |      0 |     22 |      0 |   1 |   24.0 |
          Lair |   2275 |   2128 |    147 |    971 |    778 |   2 | 1137.5 |
         Sewer |    179 |    179 |      0 |      0 |    112 |   1 |  179.0 |
               +--------+--------+--------+--------+--------+-----+--------+

Top non-repeatable levels by time:
  Lair:1: 2071 daAuts
     D:9: 1405 daAuts
     D:4: 1364 daAuts
     D:7: 1307 daAuts
     D:6: 1255 daAuts
     D:3: 1238 daAuts
     D:8: 1090 daAuts
     D:5: 1017 daAuts
     D:2: 903 daAuts
    D:10: 856 daAuts
     D:1: 798 daAuts
  Lair:2: 203 daAuts
   Sewer: 179 daAuts
  Temple: 24 daAuts
